AoeStats
← eduhaas

Lombardia

510232878Analyzed
4v4 RM · 1d ago on Sep 30, 2026· 65m 41s· 8 players
Game mode
Random Map
Map size
Large (8 player)
Population
200
Speed
Normal
Resources
Standard
Victory
Conquest
Starting age
Dark Age
Ending age
Imperial Age
RankedLock teamsTeams togetherTeam positionsShared explorationLock speedFull tech treeHidden civsTurbo modeCheats
Victory
Defeat
🇮🇳 Persians · India
1205
+12
🇲🇽 Spanish · Mexico
1054
+18
🇧🇷 Huns · Brazil
1041
+19
🇲🇽 Teutons · Mexico
1032
+20
🇨🇴 Franks · Colombia
1142
-19
🇨🇱 Huns · Chile
1105
-17
🇦🇷 Wu · Argentina
1094
-17
🇨🇳 Slavs · China
1069
-16
Brokker
7:02 Loom
10:02 Feudal Age
13:58 Double-Bit Axe
19:51 Castle Age
18:43 Gold Mining
19:38 Scale Barding Armor
20:54 Bow Saw
25:07 Chain Barding Armor
26:05 Forging
27:41 Iron Casting
28:13 Husbandry
29:24 Wheelbarrow
33:49 Imperial Age
35:38 Gold Shaft Mining
34:26 Cavalier
35:43 Plate Barding Armor
37:39 Blast Furnace
36:34 Paladin
39:26 Blast Furnace
43:25 Conscription
43:07 Chivalry
44:11 Chivalry
52:15 Capped Ram
Pepim14
0:53 Loom
12:35 Feudal Age
13:10 Double-Bit Axe
20:48 Castle Age
19:20 Horse Collar
20:05 Gold Mining
20:05 Stone Mining
21:34 Pikeman
26:57 Wheelbarrow
27:06 Heavy Plow
28:07 Gold Shaft Mining
28:20 Bow Saw
30:42 Town Watch
31:12 Hand Cart
31:40 Squires
31:27 Arson
32:11 Forging
32:01 Scale Mail Armor
35:50 Iron Casting
35:31 Chain Mail Armor
36:05 Husbandry
36:15 Bloodlines
36:16 Scale Barding Armor
36:37 Caravan
39:14 Imperial Age
36:37 Light Cavalry
41:03 Two-Man Saw
41:13 Blast Furnace
40:43 Plate Mail Armor
39:36 Halberdier
40:11 Hussar
45:25 Conscription
45:08 Sitting Tiger
45:34 Chain Barding Armor
49:09 Heavy Scorpion
50:18 Heavy Hei Guang Cavalry
51:40 Man-at-Arms
54:26 Fletching
55:12 Plate Barding Armor
55:08 Long Swordsman
TheroZeuS Biri Biri
2:16 Loom
10:58 Feudal Age
19:14 Castle Age
17:29 Horse Collar
17:37 Double-Bit Axe
20:43 Wheelbarrow
19:54 Town Watch
22:05 Squires
21:50 Arson
22:21 Forging
24:58 Bow Saw
26:00 Heavy Plow
26:09 Padded Archer Armor
26:00 Fletching
32:19 Imperial Age
29:44 Gold Mining
29:44 Stone Mining
31:26 Ballistics
30:48 Pikeman
32:37 Halberdier
34:01 Gold Shaft Mining
33:30 Caravan
34:14 Parthian Tactics
34:13 Leather Archer Armor
33:54 Bodkin Arrow
34:04 Scale Barding Armor
35:14 Bloodlines
35:04 Husbandry
35:57 Heavy Cavalry Archer
37:08 Conscription
38:30 Elite Skirmisher
39:15 Thumb Ring
46:53 Bracer
47:29 Iron Casting
46:55 Scale Mail Armor
55:42 Light Cavalry
56:47 Chain Barding Armor
57:28 Blast Furnace
NthEagle7752776
0:52 Loom
14:41 Feudal Age
20:06 Castle Age
17:56 Double-Bit Axe
17:55 Horse Collar
21:35 Bow Saw
21:29 Heavy Plow
25:14 Gold Mining
26:36 Wheelbarrow
27:45 Hand Cart
27:45 Stone Mining
28:31 Gold Shaft Mining
30:16 Scale Mail Armor
30:27 Forging
29:40 Pikeman
30:21 Squires
33:06 Imperial Age
31:38 Detinets
33:33 Chain Mail Armor
33:59 Iron Casting
35:39 Two-Man Saw
35:12 Crop Rotation
35:10 Halberdier
37:08 Plate Mail Armor
37:39 Blast Furnace
36:32 Fletching
40:30 Bodkin Arrow
42:46 Druzhina
43:07 Conscription
43:24 Hoardings
45:44 Elite Boyar
47:36 Scale Barding Armor
49:12 Murder Holes
50:18 Chemistry
49:39 Ballistics
49:31 Masonry
50:02 Chain Barding Armor
54:13 Ballistics
eduhaas
10:49 Feudal Age
14:51 Castle Age
13:29 Horse Collar
15:49 Double-Bit Axe
16:51 Bow Saw
18:10 Loom
20:35 Heavy Plow
22:19 Stone Mining
22:19 Gold Mining
24:06 Wheelbarrow
23:16 Loom
23:17 Town Watch
25:26 Stone Shaft Mining
25:30 Hand Cart
29:39 Imperial Age
29:41 Caravan
30:25 Padded Archer Armor
30:15 Fletching
31:38 Town Patrol
33:41 Two-Man Saw
33:12 Leather Archer Armor
32:52 Bodkin Arrow
33:04 Scale Barding Armor
34:29 Conscription
33:30 Elite Conquistador
34:27 Squires
34:12 Gambesons
33:48 Pikeman
34:13 Arson
35:02 Ring Archer Armor
34:32 Bracer
37:34 Chain Barding Armor
37:25 Forging
38:22 Husbandry
38:33 Bloodlines
40:09 Chemistry
39:30 Ballistics
43:16 Iron Casting
43:16 Plate Barding Armor
42:15 Capped Ram
45:26 Siege Ram
50:35 Thumb Ring
52:26 Elite Skirmisher
55:41 Fortified Wall
55:42 Masonry
LIGHTYRIX
10:15 Feudal Age
13:06 Bloodlines
13:43 Double-Bit Axe
19:38 Horse Collar
23:21 Castle Age
22:09 Gold Mining
22:09 Stone Mining
25:02 Heavy Plow
25:14 Bow Saw
32:00 Fletching
32:11 Padded Archer Armor
35:11 Imperial Age
33:17 Wheelbarrow
33:19 Gold Shaft Mining
33:20 Stone Shaft Mining
35:30 Forging
35:26 Scale Barding Armor
34:54 Cavalier
35:35 Husbandry
35:34 Bodkin Arrow
35:54 Leather Archer Armor
35:42 Kamandaran
36:03 Conscription
36:48 Iron Casting
36:15 Scale Mail Armor
37:23 Chain Barding Armor
36:46 Savar
38:55 Chemistry
39:40 Blast Furnace
40:15 Plate Barding Armor
40:24 Ring Archer Armor
42:01 Chain Mail Armor
43:36 Thumb Ring
42:52 Crossbowman
43:58 Parthian Tactics
44:05 Plate Mail Armor
47:36 Caravan
48:56 Light Cavalry
50:23 Ballistics
50:25 Hussar
58:30 Hoardings
58:06 Citadels
57:25 Pikeman
58:05 Squires
57:51 Arson
62:21 Elite War Elephant
63:20 Hand Cart
62:51 Loom
64:08 Two-Man Saw
63:39 Crop Rotation
64:31 Halberdier
Gustatro
4:25 Loom
11:29 Feudal Age
17:58 Castle Age
17:44 Forging
18:08 Scale Barding Armor
30:08 Wheelbarrow
34:37 Imperial Age
33:08 Scale Mail Armor
34:02 Iron Casting
34:40 Chain Barding Armor
34:39 Chain Mail Armor
35:29 Ironclad
35:50 Hand Cart
36:05 Double-Bit Axe
36:52 Elite Teutonic Knight
38:36 Blast Furnace
37:27 Horse Collar
38:00 Bow Saw
39:21 Plate Mail Armor
39:08 Pikeman
39:38 Gambesons
39:54 Squires
39:39 Arson
39:17 Pikeman
42:18 Chain Barding Armor
41:53 Fletching
41:26 Halberdier
43:37 Two-Man Saw
42:41 Heavy Plow
42:34 Gold Mining
42:34 Stone Mining
42:55 Bodkin Arrow
43:39 Hoardings
43:26 Conscription
44:27 Crenellations
44:38 Ballistics
45:56 Town Watch
48:01 Chemistry
53:29 Caravan
55:19 Crop Rotation
61:37 Siege Engineers
Jcn_x
6:22 Loom
12:19 Feudal Age
17:19 Castle Age
16:20 Double-Bit Axe
16:56 Horse Collar
18:49 Town Watch
24:15 Bow Saw
25:15 Wheelbarrow
28:06 Marauders
28:11 Heavy Plow
28:09 Stone Mining
28:13 Gold Mining
28:49 Masonry
30:02 Gold Shaft Mining
29:55 Hand Cart
30:44 Fervor
33:39 Imperial Age
31:34 Husbandry
33:31 Bloodlines
33:38 Scale Barding Armor
33:46 Forging
33:40 Light Cavalry
35:03 Chain Barding Armor
34:49 Fletching
35:28 Conscription
35:53 Iron Casting
35:13 Fletching
35:26 Hussar
37:34 Plate Barding Armor
38:42 Blast Furnace
37:53 Caravan
38:52 Elite Tarkan
48:54 Bodkin Arrow
52:23 Cavalier
53:57 Paladin
56:17 Atheism
Connection lost

Rejoining the realm…

Still unreachable

The connection could not be restored.

Session expired

The server has moved on; the page needs a fresh start.